 Dungeon Crawl Stone Soup version 0.31.0-11-ge490571c62 (webtiles) character file.

Game seed: 18189608780995215695

1698071 SnakkuSnakku7 the Middleweight Champion (level 27, 273/273 HPs)
             Began as a Ghoul Enchanter on Feb 3, 2024.
             Was the Champion of Nemelex Xobeh.
             Escaped with the Orb
             ... and 3 runes on Feb 4, 2024!
             The game lasted 02:04:51 (65945 turns).

SnakkuSnakku7 the Middleweight Champion (GhEn)     Turns: 65945, Time: 02:04:52

Health: 273/273    AC: 44    Str: 26      XL:     27
Magic:  37/37      EV: 16    Int: 18 (19) God:    Nemelex Xobeh [******]
Gold:   3165       SH: 13    Dex: 11      Spells: 29/29 levels left

rFire   + +          .
                       - Unarmed
rCold   + + .        V - +2 kite shield {AC+3}
rNeg    + + +        Z - +4 gold dragon scales
rPois   ∞            C - +3 crown of Dyrovepreva {rElec Int+2 SInv}
rElec   +            q - +2 cloak {Will+}
rCorr   .            E - +2 pair of gloves {infuse}
SInv    +            e - +2 pair of boots {rampage}
Will    ++++.        c - amulet of the acrobat Stlth
                     j - ring of protection from fire
HPRegen 0.65/turn    Y - ring of Zisoivu {Will+ EV+5 Str+2 Int+3}
MPRegen 0.25/turn

%: acrobat, rampage, infuse magic (1 MP)
@: no status effects
A: claws 1, cold resistance 1, negative energy resistance 3, inhibited
regeneration, torment resistance 2, devour on kill
0: Orb of Zot
}: 3/15 runes: decaying, slimy, gossamer
a: Renounce Religion, Draw Escape, Draw Destruction, Draw Summoning, Draw Stack,
Triple Draw, Deal Four, Stack Five


You escaped.
You worshipped Nemelex Xobeh.
Nemelex Xobeh was exalted by your worship.
You visited 12 branches of the dungeon, and saw 54 of its levels.
You also visited: Trove, Ossuary, Gauntlet, Wizlab and Desolation.

You collected 7024 gold pieces.
You spent 3859 gold pieces at shops.

Inventory:

Missiles
 y - 2 curare-tipped darts
 T - 4 throwing nets
Armour
 e - a +2 pair of boots of rampaging (worn)
 q - a +2 cloak of willpower (worn)
 s - the scarf "Rulanubu" {rC+ rF+, +Blink rCorr Str-4 Stlth+}
   (You acquired it in a wizard's laboratory)

   Str-4:     It affects your strength (-4).
   +Blink:    It lets you blink.
   rCorr:     It protects you from acid and corrosion.
   Stlth+:    It makes you more stealthy.
 C - the +3 crown of Dyrovepreva (worn) {rElec Int+2 SInv}
   (You found it in the Desolation of Salt)

   Int+2:     It affects your intelligence (+2).
   rElec:     It insulates you from electricity.
   SInv:      It lets you see invisible.
 E - a +2 pair of gloves of infusion (worn)
 P - +10 storm dragon scales
 V - a +2 kite shield of protection (worn)
 Z - +4 gold dragon scales (worn)
Jewellery
 c - an amulet of the acrobat (around neck)
 j - a ring of protection from fire (left hand)
 t - the ring "Yroasiol" {*Corrode MP+9 Str+3 SInv}
   (You found it in a Gauntlet)

   [ring of magical power]

   Str+3:     It affects your strength (+3).
   MP+9:      It affects your magic capacity (+9).
   SInv:      It lets you see invisible.
   *Corrode:  It may corrode you when you take damage.
 w - a +4 ring of protection
 D - an amulet of magic regeneration
 M - a ring of protection from cold
 N - a ring of ice
 W - a +6 ring of strength
 Y - the ring of Zisoivu (right hand) {Will+ EV+5 Str+2 Int+3}
   (You found it on level 3 of the Elven Halls)

   [ring of evasion]

   EV+5:      It affects your evasion (+5).
   Str+2:     It affects your strength (+2).
   Int+3:     It affects your intelligence (+3).
   Will+:     It increases your willpower.
Wands
 a - a wand of polymorph (51)
 b - a wand of light (31)
 r - a wand of flame (140)
 u - a wand of iceblast (51)
 F - a wand of charming (28)
 H - a wand of mindburst (50)
 I - a wand of digging (17)
Scrolls
 f - 17 scrolls of teleportation
 g - 9 scrolls of immolation
 h - 4 scrolls of revelation
 i - 7 scrolls of vulnerability
 v - 2 scrolls of fog
 K - a scroll of silence
 L - 2 scrolls of poison
 U - a scroll of torment
 X - 4 scrolls of fear
Potions
 d - 2 potions of haste
 k - 4 potions of magic
 l - 14 potions of curing
 m - 8 potions of resistance
 n - 8 potions of heal wounds
 p - 5 potions of cancellation
 x - 8 potions of enlightenment
 z - 8 potions of attraction
 A - 5 potions of brilliance
 G - 3 potions of invisibility
 J - 9 potions of might
 O - 7 potions of ambrosia
Miscellaneous
 o - a condenser vane
 Q - a phantom mirror
 R - a lightning rod (4/4)


   Skills:
 O Level 27 Fighting
 - Level 0.8 Short Blades
 - Level 20.0 Armour
 - Level 18.0 Dodging
 - Level 3.2 Stealth
 - Level 10.0 Shields
 O Level 27 Unarmed Combat
 - Level 1.7 Spellcasting
 - Level 2.4 Hexes
 + Level 21.2 Invocations


You had 29 spell levels left.
You didn't know any spells.
Your spell library contained the following spells:

 Spells                   Type           Power      Damage    Failure   Level
 Slow                     Hex            40%        N/A       85%         1
 Jinxbite                 Hex            20%        N/A       94%         2
 Apportation              Tloc           2%         N/A       99%         1
 Foxfire                  Conj/Fire      4%         2x1d4     99%         1
 Freeze                   Ice            4%         1d3       99%         1
 Magic Dart               Conj           4%         1d3       99%         1
 Necrotise                Necr           4%         1d4       99%         1
 Shock                    Conj/Air       4%         1d3       99%         1
 Ensorcelled Hibernation  Hex/Ice        10%        N/A       99%         2
 Confusing Touch          Hex            10%        N/A       99%         3
 Sigil of Binding         Hex            10%        N/A       99%         3
 Tukima's Dance           Hex            10%        N/A       99%         3
 Blink                    Tloc           2%         N/A       100%        2
 Call Imp                 Summ           2%         N/A       100%        2
 Cigotuvi's Dreadful Rot  Necr/Alch/Air  2%         N/A       100%        2
 Lesser Beckoning         Tloc           2%         N/A       100%        2
 Momentum Strike          Conj/Tloc      2%         3d8       100%        2
 Searing Ray              Conj           2%         2d4       100%        2
 Static Discharge         Conj/Air       2%         3-4/arc   100%        2
 Call Canine Familiar     Summ           1%         N/A       100%        3
 Dazzling Flash           Conj/Hex       10%        N/A       100%        3
 Frozen Ramparts          Ice            2%         1d1       100%        3
 Fugue of the Fallen      Necr           1%         N/A       100%        3
 Gell's Gravitas          Tloc           1%         N/A       100%        3
 Hailstorm                Conj/Ice       1%         3d5       100%        3
 Mephitic Cloud           Conj/Alch/Air  1%         N/A       100%        3
 Ozocubu's Armour         Ice            1%         N/A       100%        3
 Stone Arrow              Conj/Erth      2%         3d7       100%        3
 Summon Ice Beast         Ice/Summ       1%         N/A       100%        3
 Swiftness                Air            1%         N/A       100%        3
 Teleport Other           Tloc           1%         N/A       100%        3
 Vampiric Draining        Necr           1%         2d6       100%        3
 Volatile Blastmotes      Fire/Tloc      2%         2d10      100%        3
 Airstrike                Air            0%         2d(1-17)  100%        4
 Anguish                  Hex/Necr       2%         N/A       100%        4
 Animate Armour           Summ/Erth      2%         N/A       100%        4
 Animate Dead             Necr           1%         N/A       100%        4
 Cause Fear               Hex            5%         N/A       100%        4
 Dimensional Bullseye     Hex/Tloc       2%         N/A       100%        4
 Dispel Undead            Necr           1%         3d6       100%        4
 Flame Wave               Conj/Fire      1%         2d4       100%        4
 Fulminant Prism          Conj/Alch      0%         3d5       100%        4
 Ignite Poison            Fire/Alch      1%         N/A       100%        4
 Iskenderun's Mystic Bla  Conj/Tloc      1%         2d3       100%        4
 Leda's Liquefaction      Alch/Erth      0%         N/A       100%        4
 Manifold Assault         Tloc           1%         N/A       100%        4
 Martyr's Knell           Necr/Summ      1%         N/A       100%        4
 Petrify                  Alch/Erth      1%         N/A       100%        4
 Sticky Flame             Fire/Alch      1%         2d4       100%        4
 Summon Lightning Spire   Summ/Air       1%         N/A       100%        4
 Vhi's Electric Charge    Tloc/Air       2%         N/A       100%        4
 Alistair's Intoxication  Alch           0%         N/A       100%        5
 Arcjolt                  Conj/Air       0%         1d10      100%        5
 Borgnjor's Vile Clutch   Necr/Erth      0%         N/A       100%        5
 Curse of Agony           Necr           1%         N/A       100%        5
 Irradiate                Conj/Alch      0%         3d11      100%        5
 Iskenderun's Battlesphe  Conj           1%         2d6       100%        5
 Lee's Rapid Deconstruct  Erth           0%         3d4*      100%        5
 Metabolic Englaciation   Hex/Ice        2%         N/A       100%        5
 Silence                  Hex/Air        2%         N/A       100%        5
 Summon Forest            Summ/Tloc      0%         N/A       100%        5
 Summon Mana Viper        Hex/Summ       5%         N/A       100%        5
 Bombard                  Conj/Erth      0%         9d1       100%        6
 Death Channel            Necr           0%         N/A       100%        6
 Dispersal                Tloc           0%         N/A       100%        6
 Eringya's Noxious Bog    Alch           0%         4d6       100%        6
 Plasma Beam              Fire/Air       0%         2x1d10    100%        6
 Sculpt Simulacrum        Ice/Alch       0%         N/A       100%        6
 Starburst                Conj/Fire      0%         6d3       100%        6
 Summon Cactus Giant      Summ           0%         N/A       100%        6
 Enfeeble                 Hex            5%         N/A       100%        7
 Haunt                    Necr/Summ      0%         N/A       100%        7
 Ozocubu's Refrigeration  Ice            0%         4d7       100%        7
 Ignition                 Fire           0%         3d3       100%        8
 Lehudib's Crystal Spear  Conj/Erth      0%         10d2      100%        8
 Borgnjor's Revivificati  Necr           Unusable   N/A       N/A         8
 Death's Door             Necr           Unusable   N/A       N/A         9

Dungeon Overview and Level Annotations

Branches:
Dungeon (15/15)            Temple (1/1) D:6            Lair (5/5) D:10
  Swamp (4/4) Lair:2       Spider (4/4) Lair:2        Slime (5/5) Lair:4
    Orc (2/2) D:11            Elf (3/3) Orc:2        Vaults (5/5) D:14
  Crypt (0/3) Vaults:3     Depths (4/4) D:15           Hell (visited)
    Dis (0/7) Hell            Geh (0/7) Hell            Coc (0/7) Hell
    Tar (0/7) Hell            Zot (5/5) Depths:4    Ossuary (visited)
 WizLab (visited)         Desolation (visited)      Gauntlet (visited)

Altars:
Ashenzari
Cheibriados
Dithmenos
Fedhas
Gozag
Hepliaklqana
Kikubaaqudgha
Makhleb
Nemelex Xobeh
Okawaru
Qazlal
Ru
Sif Muna
Trog
Uskayaw
Vehumet
Wu Jian
Xom
Yredelemnul
Jiyva

Shops:
D:3 :   D:4 ?   D:5 *   D:13 ?*   Orc:2 [*[=(   Elf:2 [   Elf:3 :   Vaults:3 [*
Vaults:4 !   Depths:1 :=:=   Depths:2 *   Depths:3 (

Portals:
Hell: Depths:1 Depths:2 Depths:3 Depths:4
Abyss: Depths:3 Depths:4
Pandemonium: Depths:2 Depths:4
Ziggurat: Depths:4

Annotations:
D:14 Roxanne
Swamp:3 2 transporters, Qemahefa's ghost, adept GrFi
Elf:2 3 runed translucent doors
Depths:1 exclusion: orange crystal statue


Innate Abilities, Weirdness & Mutations

You are immune to poison.
You have sharp fingernails.
Your flesh is cold resistant. (rC+)
You are immune to negative energy. (rN+++)
You do not regenerate when monsters are visible.
You are immune to unholy pain and torment.
You thrive by killing the living.


Message History

The great orb of eyes is severely wounded.
The great orb of eyes misses you.
You squash the great orb of eyes like an ant!!!
You kill the great orb of eyes!
Unknown command.
There is a stone staircase leading up here.
You climb upwards.
There is a stone staircase leading down here.
Aiming: Dig
Press: ? - help, Shift-Dir - straight line A rock wall.
This square is covered in magical glow.
The rock shatters into small pieces.
There is a stone staircase leading up here.
You climb upwards.
There is a stone staircase leading down here.
A shadow demon comes into view.
You see here a +0 spear.
The shadow demon moves out of view.
There is an escape hatch in the ceiling here.
A mysterious force pulls you upwards. The hatch slams shut behind you.
You see here 6 stones.
There is a stone staircase leading up here.
You climb upwards.
There is a stone staircase leading down here.
There is a stone staircase leading up here.
You climb upwards.
There is a stone staircase leading down here.
There is a stone staircase leading up here.
You climb upwards.
There is a stone staircase leading down here.
There is a stone staircase leading up here.
You climb upwards.
There is a stone staircase leading down here.
There is a stone staircase leading up here.
You climb upwards.
There is a stone staircase leading down here.
There is an open door here.
There is a staircase leading out of the dungeon here.
You have escaped!

###..............####.#
##...##.##..##........#
.#..##......##.#.####.#
...............#.# #.#
........##..#..#.# #.#
..>###..##..#..#.# #.### ####
#.##..##########...#
#!##...'....#.##.#.#
#.###..#...@#.##.#.#
#.#.'..######.##.#.##
#.#'##..#####.#.....########
#.#..'..##..#...............
######.#..#..##..#.#.....#######.
....##.#..#...'..#......## ##.
###.####..##..####.#.#### #.. #
#..########..# #..## #.#
###...........## #.## #.#


There were no monsters in sight!

Vanquished Creatures
  the Royal Jelly (Slime:5)
  2 dread liches (Zot:5)
  5 orbs of fire (Zot:5)
  An ancient lich (Zot:5)
  Mara (Depths:1)
  A juggernaut (Depths:1)
  Sojobo (Depths:1)
  Boris (Depths:2)
  Bai Suzhen (Swamp:4)
  3 Killer Klowns (Zot:5)
  A curse toe (Zot:1)
  4 caustic shrikes
  11 golden dragons
  Geryon (Hell)
  Jory (Vaults:4)
  Jorgrun (Elf:1)
  3 electric golems
  12 tentacled monstrosities
  3 deep elf master archers (Elf:3)
  2 deep elf blademasters (Elf:3)
  7 liches
  25 acid blobs
  20 Orb Guardians (Zot:5)
  6 quicksilver dragons
  2 ancient champions
  An Executioner (D:15)
  5 sphinxes
  A tentacled starspawn (WizLab)
  Gastronok (Lair:3)
  11 death cobs
  Frances (D:14)
  Kirke (D:14)
  Aizul (Swamp:4)
  10 shadow dragons
  9 storm dragons
  A draconian knight (Zot:5)
  5 tengu reavers
  A revenant (Vaults:3)
  3 frost giants
  3 iron dragons
  4 draconian monks
  10 azure jellies
  13 deep elf sorcerers
  10 fire giants
  7 rockslimes
  4 protean progenitors (Zot:1)
  6 emperor scorpions (Spider:4)
  12 vault wardens
  3 orc warlords
  5 deep elf elementalists
  4 draconian shifters
  3 imperial myrmidons (Desolation)
  2 balrugs
  6 draconian stormcallers
  2 draconian scorchers
  The ghost of Minsecho the Imperceptible, an adept SpMo of Wu Jian (Swamp:4)
  4 demonspawn corrupters (WizLab)
  5 ghost moths
  A spriggan defender (Depths:1)
  A cacodemon (Hell)
  3 draconian annihilators
  10 quicksilver oozes
  6 reapers
  18 ironbound preservers
  3 broodmothers
  10 formless jellyfish
  18 stone giants
  11 green draconians
  8 ironbound thunderhulks
  17 very ugly things
  6 deep elf death magi
  Nessos (Orc:2)
  4 deep elf demonologists (Elf:3)
  2 vampire knights
  8 deep elf annihilators
  A halazid warlock (Desolation)
  3 war gargoyles
  2 putrid mouths (Hell)
  5 eleionomae
  20 spark wasps
  6 red draconians
  6 yellow draconians
  4 black draconians
  11 dire elephants
  7 white draconians
  5 bunyips
  9 purple draconians
  2 blizzard demons
  Snorg (D:12)
  3 ragged hierophants (Desolation)
  4 ettins
  2 crystal guardians
  2 shambling mangroves
  12 deep elf high priests
  7 entropy weavers
  9 fire dragons
  15 yaktaur captains
  8 great orbs of eyes
  20 vault guards
  14 ice dragons
  4 servants of whispers (Desolation)
  5 rakshasas
  Fannar (Lair:3)
  14 hydras
  11 ironbound frosthearts
  6 two-headed ogres
  7 centaur warriors
  3 radroaches
  6 catoblepae
  A death knight (D:15)
  10 peacekeepers
  5 boulder beetles
  5 spriggan air magi
  4 alligators
  12 dancing weapons
  A ghost crab (Swamp:1)
  12 deep troll shamans
  2 deep troll earth magi
  4 tengu warriors
  13 death yaks
  A death scarab (Spider:1)
  A soul eater (Depths:4)
  9 spriggan berserkers
  6 demonic crawlers
  6 occultists
  5 orc high priests
  A fire crab (Gauntlet)
  13 sun demons
  2 skysharks
  6 hell knights
  A skeletal warrior (Hell)
  11 spriggans
  Nergalle (Lair:2)
  15 deep elf knights
  5 iron trolls
  2 shadow wraiths (Hell)
  9 pharaoh ants
  7 goliath frogs
  A sea snake (shapeshifter) (Depths:2)
  Amaemon (D:8)
  A death drake (Swamp:2)
  2 spriggan druids
  6 orb spiders
  A large abomination (D:15)
  60 deep trolls
  2 shadow demons (Hell)
  6 flayed ghosts
  A sun moth (Spider:3)
  2 glowing orange brains
  9 arcanists
  3 bog bodies
  11 deep elf archers
  3 harpies (Vaults:4)
  10 swamp dragons
  17 ironbound convokers
  6 lindwurms
  7 orc knights
  8 steelbarb worms
  20 deep elf pyromancers
  16 deep elf zephyrmancers
  7 necromancers
  A tengu skeleton (Vaults:1)
  3 phantasmal warriors
  25 wolf spiders
  5 shining eyes
  3 worldbinders (WizLab)
  5 orc sorcerers
  Maurice (D:8)
  62 ugly things
  6 cyclopes
  A will-o-the-wisp (Swamp:2)
  18 moths of wrath
  A human skeleton (Vaults:1)
  6 manticores
  8 rust devils
  3 meliai
  8 black mambas
  16 vault sentinels
  7 guardian serpents
  An ice statue (Gauntlet)
  A water nymph (shapeshifter) (Depths:2)
  3 molten gargoyles
  3 torpor snails
  The ghost of occam the Cleaver, a novice HOFi of Nemelex Xobeh (D:5)
  A torpor snail (shapeshifter) (Depths:1)
  2 eyes of devastation
  14 cane toads
  A centaur skeleton (Hell)
  3 gargoyles (D:12)
  Maggie (D:8)
  A smoke demon (Hell)
  4 rime drakes
  3 unseen horrors
  A minotaur zombie (Gauntlet)
  A rime drake (shapeshifter) (D:14)
  2 orange demons
  An efreet (D:14)
  42 yaktaurs
  16 komodo dragons
  5 tengu conjurers
  6 freezing wraiths
  Psyche (D:9)
  2 guardian mummies (D:10)
  3 ice devils
  14 hornets
  A troll (shapeshifter) (D:14)
  A tengu simulacrum (Vaults:1)
  2 polar bears
  23 tarantellas
  9 tyrant leeches
  Prince Ribbit (D:9)
  4 trolls
  7 glass eyes
  39 saltlings (Desolation)
  A hydra skeleton (Hell)
  12 blink frogs
  A harpy skeleton (Hell)
  6 dream sheep (Lair:5)
  103 slime creatures
  21 jumping spiders
  24 culicivoras
  3 wraiths
  3 air elementals (Elf:2)
  A shadow (D:12)
  2 wyverns
  2 water elementals
  A hog (D:14)
  75 yaks
  3 fire elementals
  3 golden eyes (Slime:4)
  3 wargs
  5 basilisks
  6 fire bats (Gauntlet)
  2 swamp worm simulacra (Swamp:4)
  A redback (shapeshifter) (Vaults:3)
  54 redbacks
  A steam dragon (D:7)
  6 vampire mosquitoes
  A neqoxec (D:15)
  A harpy simulacrum (Hell)
  2 acid dragons
  11 swamp worms
  17 hydra simulacra (Swamp:4)
  6 hell hounds
  11 water moccasins
  3 sky beasts (D:8)
  29 orc warriors
  3 black bears
  4 swamp drakes
  3 laughing skulls (D:14)
  An ice beast (D:6)
  4 ogres
  A sky beast (shapeshifter) (Elf:2)
  3 boggarts
  An ogre (shapeshifter) (Depths:1)
  17 wolves (Lair:1)
  7 centaurs
  3 phantoms
  4 gnoll sergeants
  5 kobold brigands
  14 bullfrogs
  4 earth elementals
  4 scorpions
  9 wights
  12 killer bees
  3 electric eels (Lair:3)
  A howler monkey (D:4)
  2 hounds (D:5)
  19 orc priests
  2 bombardier beetles
  A jelly (D:4)
  A sleepcap (D:6)
  12 iguanas
  Jessica (D:2)
  4 scorpion zombies (Ossuary)
  21 orc wizards
  Ijyb (D:4)
  21 hell rats
  3 mummies (Ossuary)
  15 gnolls
  11 adders
  A shadow imp (D:5)
  A white imp (D:7)
  2 ufetubi (D:6)
  5 swamp drake simulacra (Swamp:4)
  3 adder zombies (Ossuary)
  2 ribbon worms
  5 dart slugs
  92 orcs
  6 ball pythons
  4 endoplasms
  7 giant cockroaches
  4 gnoll zombies (Ossuary)
  8 goblins
  10 hobgoblins
  4 jackals (D:1)
  28 kobolds
  7 quokkas
  3 training dummies (Depths:3)
  3 bats
  21 frilled lizards
  2 jackal zombies (Ossuary)
  4 kobold zombies (Ossuary)
  4 rats
  2 aspiring fleshes (Zot:1)
2267 creatures vanquished.

Vanquished Creatures (collateral kills)
  An Orb Guardian (Zot:5)
  A minotaur (Gauntlet)
  A shambling mangrove (Swamp:4)
  A minotaur zombie (Gauntlet)
  A tyrant leech (Swamp:4)
  2 hornets (Swamp:4)
7 creatures vanquished.

Vanquished Creatures (others)
  A dread lich (Zot:5)
  An eldritch tentacle (Zot:4)
  A demonic crawler (Spider:3)
  3 deep elf knights
  A swamp dragon (Swamp:3)
  A yaktaur (Vaults:3)
  3 bloated husks
  A tarantella (Spider:4)
  A spriggan (Swamp:4)
  2 culicivoras (Spider:3)
  A swamp worm simulacrum (Swamp:4)
  A golden eye (Slime:4)
  A human (D:14)
  An orc wizard (D:4)
  An orc (D:8)
  8 foxfires (Swamp:2)
  3 starspawn tentacles (WizLab)
31 creatures vanquished.

Grand Total: 2305 creatures vanquished

Notes
Turn   | Place    | Note
-------+----------+-------------------------------------------
     0 | D:1      | SnakkuSnakku7 the Ghoul Enchanter began the quest for the
                  | Orb.
     0 | D:1      | Reached XP level 1. HP: 14/14 MP: 3/3
   223 | D:1      | Reached skill level 1 in Fighting
   223 | D:1      | Reached skill level 1 in Unarmed Combat
   235 | D:1      | Reached XP level 2. HP: 23/23 MP: 4/4
   557 | D:1      | Reached XP level 3. HP: 20/29 MP: 5/5
  1347 | D:2      | Noticed Jessica
  1356 | D:2      | Killed Jessica
  1357 | D:2      | Reached XP level 4. HP: 35/36 MP: 6/6
  1568 | D:2      | Found a bloodstained altar of Trog.
  1898 | D:3      | Reached XP level 5. HP: 29/41 MP: 7/7
  1975 | D:3      | Found Caopocipt's Book Shop.
  2425 | D:3      | Reached skill level 5 in Unarmed Combat
  2657 | D:4      | Noticed Ijyb
  2657 | D:4      | Found a blossoming altar of Fedhas.
  2682 | D:4      | Killed Ijyb
  2683 | D:4      | Reached XP level 6. HP: 46/48 MP: 8/8
  2731 | D:4      | Found an iron altar of Okawaru.
  2776 | D:4      | Found Naojuz's Magic Scroll Boutique.
  2786 | D:4      | Bought a scroll of teleportation for 42 gold pieces
  2786 | D:4      | Bought a scroll of enchant armour for 105 gold pieces
  2893 | D:4      | Noticed Blork the orc
  3094 | D:4      | Reached XP level 7. HP: 40/55 MP: 9/9
  3277 | D:4      | Blork the orc changed into Blork the howler monkey
  3277 | D:4      | Noticed Blork
  3299 | D:4      | Killed Blork the howler monkey
  4098 | D:5      | Entered Level 5 of the Dungeon
  4184 | D:5      | Found a runed translucent gate.
  4184 | D:5      | Found a runed translucent gate.
  4185 | D:5      | Found a runed translucent gate.
  4319 | D:5      | Noticed occam's ghost (novice HOFi)
  4603 | D:5      | Reached XP level 8. HP: 51/61 MP: 10/10
  4632 | D:5      | Found Asucuorr's Serpentskin Sales.
  4637 | D:5      | Bought 2 curare-tipped darts for 33 gold pieces
  4767 | D:6      | Noticed a wraith
  4832 | D:6      | Reached skill level 10 in Unarmed Combat
  4872 | D:6      | Found a sand-covered staircase.
  4882 | Ossuary  | Entered an ossuary
  5864 | D:6      | Reached XP level 9. HP: 48/67 MP: 11/11
  6115 | D:6      | Found a staircase to the Ecumenical Temple.
  6135 | Temple   | Entered the Ecumenical Temple
  6145 | Temple   | Became a worshipper of Nemelex Xobeh the Trickster
  6786 | D:7      | Reached skill level 5 in Fighting
  7199 | D:8      | Noticed Maggie
  7246 | D:8      | Found a shadowy altar of Dithmenos.
  7262 | D:8      | Reached * piety under Nemelex Xobeh
  7275 | D:8      | Noticed Maurice
  7304 | D:7      | Reached XP level 10. HP: 54/86 MP: 12/12
  7442 | D:8      | Killed Maurice
  7608 | D:8      | Killed Maggie
  8224 | D:8      | Noticed Amaemon
  8224 | D:8      | Noticed an orange demon
  8230 | D:8      | Killed Amaemon
  8231 | D:8      | Reached skill level 10 in Fighting
  8231 | D:8      | Found a snail-covered altar of Cheibriados.
  8231 | D:8      | Found a bloodstained altar of Trog.
  8233 | D:8      | Killed an orange demon
  8549 | D:9      | Reached skill level 5 in Invocations
  8682 | D:9      | Reached XP level 11. HP: 91/99 MP: 15/15
  9043 | D:9      | Received a gift from Nemelex Xobeh
  9146 | D:9      | Reached ** piety under Nemelex Xobeh
  9189 | D:9      | Noticed Psyche
  9199 | D:9      | Killed Psyche
  9266 | D:9      | Noticed a two-headed ogre
  9287 | D:9      | Killed a two-headed ogre
  9423 | D:9      | Noticed Prince Ribbit
  9426 | D:9      | Killed Prince Ribbit
  9567 | D:9      | Identified 3 scrolls of acquirement
  9567 | D:9      | Acquired the +3 buckler of the Devil {rElec rCorr Int-3
                  | SInv}
  9579 | D:9      | Acquired a manual of Fighting
  9581 | D:9      | Acquired a +1 pair of gloves of infusion
  9620 | D:10     | Entered Level 10 of the Dungeon
  9798 | D:10     | Noticed a two-headed ogre
  9805 | D:10     | Killed a two-headed ogre
  9914 | D:10     | Found a shimmering altar of Xom.
  9937 | D:10     | Found a staircase to the Lair.
  9962 | D:10     | Found a portal to a secret trove of treasure.
 10017 | D:10     | Received a gift from Nemelex Xobeh
 10491 | Lair:1   | Entered Level 1 of the Lair of Beasts
 10501 | Lair:1   | Reached skill level 5 in Shields
 10762 | Lair:1   | Reached XP level 12. HP: 85/106 MP: 11/19
 10775 | Lair:1   | Reached *** piety under Nemelex Xobeh
 11311 | Lair:1   | Found a burning altar of Makhleb.
 11511 | Lair:2   | Noticed a skyshark
 11527 | Lair:1   | Killed a skyshark
 11674 | Lair:2   | Found a staircase to the Swamp.
 11881 | Lair:2   | Found a hole to the Spider Nest.
 11896 | Lair:2   | Noticed a boulder beetle
 11906 | Lair:2   | Noticed Nergalle
 11916 | Lair:2   | Killed a boulder beetle
 11917 | Lair:2   | Reached skill level 10 in Shields
 11917 | Lair:2   | Reached skill level 1 in Armour
 11932 | Lair:2   | Killed Nergalle
 11988 | Lair:2   | Received a gift from Nemelex Xobeh
 12186 | Lair:2   | Reached **** piety under Nemelex Xobeh
 12522 | Lair:3   | Received a gift from Nemelex Xobeh
 12524 | Lair:3   | Found a gate leading to a gauntlet.
 12552 | Gauntlet | Entered a Gauntlet
 12552 | Gauntlet | Found a transporter.
 12552 | Gauntlet | Found a transporter.
 12552 | Gauntlet | Found a transporter.
 12608 | Gauntlet | Found a transporter.
 12620 | Gauntlet | Found a transporter.
 12621 | Gauntlet | Found a transporter.
 12623 | Gauntlet | Noticed a wretched star
 12637 | Gauntlet | Found a transporter.
 12651 | Gauntlet | Found a transporter.
 12665 | Gauntlet | Found a transporter.
 12668 | Gauntlet | Found a transporter.
 12679 | Gauntlet | Found a transporter.
 12680 | Gauntlet | Found a transporter.
 12680 | Gauntlet | Found a runed translucent door.
 12772 | Gauntlet | Reached skill level 5 in Armour
 12954 | Gauntlet | Reached XP level 13. HP: 72/113 MP: 6/20
 12980 | Gauntlet | Identified the ring "Yroasiol" {*Corrode MP+9 Str+3 SInv}
 13084 | Gauntlet | Received a gift from Nemelex Xobeh
 13089 | Gauntlet | Identified the +11 plate armour of the Orcish Mines {Int+3}
 13089 | Gauntlet | Identified the amulet "Fealli" {Acrobat -Tele Will+ Int+2
                  | Dex+2}
 13089 | Gauntlet | Noticed a minotaur
 13106 | Gauntlet | Killed a minotaur
 13412 | Lair:3   | Noticed Fannar
 13446 | Lair:3   | Noticed Gastronok
 13672 | Lair:3   | Killed Gastronok
 14258 | Lair:3   | Killed Fannar
 14435 | Lair:3   | Reached skill level 10 in Armour
 14777 | Lair:3   | Received a gift from Nemelex Xobeh
 15103 | Lair:4   | Reached ***** piety under Nemelex Xobeh
 15247 | Lair:4   | Received a gift from Nemelex Xobeh
 15418 | Lair:4   | Reached XP level 14. HP: 130/130 MP: 12/21
 15521 | Lair:4   | Identified the +8 sling "Igavas" {heavy, *Slow Int+6}
 15686 | Lair:4   | Reached skill level 15 in Fighting
 15825 | Lair:4   | Found a staircase to the Slime Pits.
 15825 | Lair:4   | Found a viscous altar of Jiyva.
 16079 | Lair:5   | Entered Level 5 of the Lair of Beasts
 16193 | Lair:5   | Identified the +4 robe "Kidwuof" {Str+4 Int-4 Dex+3}
 16848 | Lair:5   | Received a gift from Nemelex Xobeh
 18219 | D:5      | Killed occam's ghost
 18251 | D:6      | Reached XP level 15. HP: 137/148 MP: 17/22
 18637 | D:11     | Found a staircase to the Orcish Mines.
 18665 | D:11     | Received a gift from Nemelex Xobeh
 18675 | D:11     | Reached skill level 15 in Unarmed Combat
 18704 | D:11     | Acquired a +0 pair of boots of rampaging
 18999 | Orc:1    | Entered Level 1 of the Orcish Mines
 19305 | Orc:1    | Received a gift from Nemelex Xobeh
 19468 | Orc:2    | Entered Level 2 of the Orcish Mines
 19604 | Orc:2    | Found a staircase to the Elven Halls.
 19606 | Orc:2    | Found Vemn's Armour Boutique.
 19691 | Orc:2    | Received a gift from Nemelex Xobeh
 20025 | Orc:2    | Reached ****** piety under Nemelex Xobeh
 20025 | Orc:2    | Received a gift from Nemelex Xobeh
 20036 | Orc:2    | Noticed Nessos
 20068 | Orc:2    | Killed Nessos
 20675 | Orc:2    | Noticed an orc warlord
 20720 | Orc:2    | Killed an orc warlord
 20786 | Orc:2    | Found Waedgh's Antique Armour Shop.
 20787 | Orc:2    | Found Zoajirym's Antique Weapon Boutique.
 20789 | Orc:2    | Found Eloxuthru's General Store.
 20789 | Orc:2    | Found Netonla's Jewellery Shop.
 21131 | D:12     | Received a gift from Nemelex Xobeh
 21218 | D:12     | Noticed Snorg
 21232 | D:12     | Killed Snorg
 22008 | D:13     | Received a gift from Nemelex Xobeh
 22010 | D:13     | Found Caduv's General Store.
 22060 | D:13     | Bought a +2 cloak for 198 gold pieces
 22196 | D:13     | Found Eroguthri's Magic Scroll Emporium.
 22730 | D:13     | Bought a scroll of torment for 142 gold pieces
 22822 | D:14     | Received a gift from Nemelex Xobeh
 22950 | D:14     | Noticed Roxanne
 23005 | D:14     | Noticed Frances
 23016 | D:14     | Killed Frances
 23017 | D:14     | Reached XP level 16. HP: 157/157 MP: 7/23
 23034 | D:14     | Received a gift from Nemelex Xobeh
 23059 | D:14     | Noticed Kirke
 23069 | D:14     | Killed Kirke
 23308 | D:14     | Found a gate to the Vaults.
 23354 | D:15     | Entered Level 15 of the Dungeon
 23996 | D:15     | Found a staircase to the Depths.
 24053 | D:15     | Received a gift from Nemelex Xobeh
 24423 | Swamp:1  | Entered Level 1 of the Swamp
 24832 | Swamp:1  | You fall into a shaft and drop 1 floor!
 25102 | Swamp:1  | Got the Exposition on Changing Blasting
 25876 | Swamp:2  | Received a gift from Nemelex Xobeh
 26057 | Swamp:3  | Noticed Qemahefa's ghost (adept GrFi)
 26063 | Swamp:3  | Found a transporter.
 26137 | Swamp:3  | Reached XP level 17. HP: 170/170 MP: 18/24
 26148 | Swamp:3  | Reached skill level 10 in Invocations
 26351 | Swamp:3  | Received a gift from Nemelex Xobeh
 26482 | Swamp:3  | Found a transporter.
 26665 | Swamp:4  | Entered Level 4 of the Swamp
 26694 | Swamp:4  | Noticed Minsecho's ghost (adept SpMo)
 26695 | Swamp:4  | Found a runed translucent door.
 26727 | Swamp:4  | Identified the serpent talisman of Wacadghor {Fly rElec
                  | MP+9 Int-2}
 26727 | Swamp:4  | Noticed Aizul
 26760 | Swamp:4  | Killed Aizul
 27005 | Swamp:4  | Killed Minsecho's ghost
 27155 | Swamp:4  | Noticed Bai Suzhen
 27181 | Swamp:4  | Killed Bai Suzhen
 27754 | Swamp:4  | Got a decaying rune of Zot
 27857 | Swamp:4  | Noticed a tentacled monstrosity
 28061 | Swamp:4  | Killed a tentacled monstrosity
 28147 | Swamp:4  | Received a gift from Nemelex Xobeh
 28390 | Spider:1 | Entered Level 1 of the Spider Nest
 29093 | Spider:1 | Reached skill level 15 in Invocations
 29211 | Spider:1 | Reached XP level 18. HP: 72/178 MP: 0/29
 29462 | Spider:1 | You fall into a shaft and drop 1 floor!
 29477 | Spider:2 | Reached skill level 5 in Dodging
 29593 | Spider:1 | Received a gift from Nemelex Xobeh
 29682 | Spider:1 | Received a gift from Nemelex Xobeh
 30916 | Spider:3 | Received a gift from Nemelex Xobeh
 31656 | Spider:4 | Entered Level 4 of the Spider Nest
 32324 | Spider:4 | Reached skill level 10 in Dodging
 33202 | Spider:4 | Got a gossamer rune of Zot
 33540 | Vaults:1 | Entered Level 1 of the Vaults
 33703 | Vaults:1 | Reached XP level 19. HP: 106/185 MP: 12/30
 34026 | Vaults:1 | Received a gift from Nemelex Xobeh
 34781 | Vaults:1 | Received a gift from Nemelex Xobeh
 36679 | Vaults:2 | Received a gift from Nemelex Xobeh
 36708 | Vaults:2 | Reached XP level 20. HP: 193/193 MP: 18/31
 37031 | Vaults:3 | Found Eseagash's Assorted Antiques.
 37050 | Vaults:3 | Bought a dented malachite amulet for 175 gold pieces
 37141 | Vaults:3 | Found a staircase to the Crypt.
 37365 | Vaults:3 | Received a gift from Nemelex Xobeh
 37417 | Vaults:3 | Found Seoffa's Armour Emporium.
 37639 | Vaults:3 | Received a gift from Nemelex Xobeh
 37904 | Vaults:3 | Received a gift from Nemelex Xobeh
 38385 | Vaults:4 | Received a gift from Nemelex Xobeh
 38534 | Vaults:4 | Paralysed by a sphinx for 2 turns
 39164 | Vaults:4 | Noticed Jory
 39178 | Vaults:4 | Killed Jory
 39248 | Vaults:4 | Found Famed's Distillery.
 39257 | Vaults:4 | Bought a potion of resistance for 200 gold pieces
 39257 | Vaults:4 | Bought a potion of might for 80 gold pieces
 39261 | Vaults:4 | Received a gift from Nemelex Xobeh
 39314 | Vaults:4 | Reached XP level 21. HP: 183/201 MP: 19/32
 39867 | Vaults:4 | Reached skill level 27 in Unarmed Combat
 40282 | Vaults:5 | Entered Level 5 of the Vaults
 41010 | D:13     | Bought +1 storm dragon scales for 1044 gold pieces
 41141 | Elf:1    | Entered Level 1 of the Elven Halls
 41156 | Elf:1    | Noticed Jorgrun
 41174 | Elf:1    | Killed Jorgrun
 41224 | Elf:1    | Found a crumbling gateway.
 41258 | Desolati | Entered the Desolation of Salt
 41307 | Desolati | Received a gift from Nemelex Xobeh
 41649 | Desolati | Identified the staff "Wenkibb" {rF+ rC+ rN+ Necro Alchemy}
 41709 | Desolati | Identified the +5 trident of the Past {heavy, rF+ rCorr
                  | Int-4 SInv}
 41742 | Desolati | Identified the ring of Roptaib {Fire *Slow rPois SInv}
 41814 | Desolati | Found the +3 crown of Dyrovepreva {rElec Int+2 SInv}
 41815 | Desolati | Received a gift from Nemelex Xobeh
 41821 | Desolati | Identified the +3 trident of Past Mistakes {freeze, rCorr
                  | MP+9 Int-3 SInv}
 41829 | Desolati | Identified the ring of the Water Diviner {rN+ Will- rCorr
                  | Str+2}
 42159 | Elf:1    | Received a gift from Nemelex Xobeh
 42515 | Elf:1    | Received a gift from Nemelex Xobeh
 42938 | Elf:2    | Paralysed by an air elemental for 1 turns
 42975 | Elf:2    | Paralysed by an air elemental for 1 turns
 43032 | Elf:2    | Reached XP level 22. HP: 218/220 MP: 27/33
 43141 | Elf:2    | Found Biklity's Antique Armour Emporium.
 43146 | Elf:2    | Paralysed by an air elemental for 1 turns
 43237 | Elf:2    | Found a runed translucent gate.
 43237 | Elf:2    | Found a runed translucent gate.
 43238 | Elf:2    | Found a runed translucent gate.
 43512 | Elf:3    | Entered Level 3 of the Elven Halls
 43526 | Elf:3    | Received a gift from Nemelex Xobeh
 43651 | Elf:3    | Found Paotyath's Self-Published Books.
 43831 | Elf:3    | Got the Codex of Big Dreams And Success
 43863 | Elf:3    | Found a magical portal.
 43884 | WizLab   | Entered Alistair's Party Mansion
 44439 | WizLab   | Got the Codex of Venin
 44451 | WizLab   | Acquired the scarf "Rulanubu" {rC+ rF+, +Blink rCorr Str-4
                  | Stlth+}
 45650 | Elf:3    | Received a gift from Nemelex Xobeh
 45665 | Elf:3    | Identified the +6 chain mail of Going Fast {Stlth+}
 45708 | Elf:3    | Identified the +11 eveningstar of Destiny {freeze, rCorr
                  | Dex+6 Stlth-}
 45710 | Elf:3    | Identified the +7 falchion of Saphit {pain, rF+++ Str+8
                  | Int-2 SInv}
 45719 | Elf:3    | Identified the +3 rapier "Keunluk" {pain, *Noise rElec
                  | Str+3}
 46155 | Elf:3    | Got Tidwem's Quarto of Percussion and the Oath
 46197 | Elf:3    | Identified the +7 orcbow of Blue Action {flame, rElec
                  | Int+3}
 46202 | Elf:3    | Identified the staff "Ziskilah" {rPois Int+5 Alchemy}
 46202 | Elf:3    | Found the +8 mithril axe "Arga" {speed, Will+}
 46216 | Elf:3    | Identified the ring of Zisoivu {Will+ EV+5 Str+2 Int+3}
 46225 | Elf:3    | Got the Grimoire of the Quantum Winter
 46565 | Depths:1 | Entered Level 1 of the Depths
 46798 | D:15     | Reached XP level 23. HP: 219/236 MP: 24/34
 46815 | Depths:1 | Noticed Mara
 46908 | Depths:1 | Noticed SnakkuSnakku7's illusion
 46984 | Depths:1 | Noticed SnakkuSnakku7's illusion
 47021 | Depths:1 | Identified the +0 leather armour of Modesty {Str+4}
 47029 | Depths:1 | Killed Mara
 47369 | Depths:1 | Identified the +4 mace of Fate {spect, Str+3}
 47435 | Depths:1 | Found Boefyoc's Jewellery Shoppe.
 47468 | Depths:1 | Found a runed translucent door.
 47475 | Depths:1 | Received a gift from Nemelex Xobeh
 47588 | Depths:1 | Found a gateway to Hell.
 47762 | Depths:1 | Noticed Sojobo
 47789 | Depths:1 | Killed Sojobo
 47916 | Depths:1 | Found Kaadoc's Book Shoppe.
 47916 | Depths:1 | Found Vedwuv's Jewellery Boutique.
 47917 | Depths:1 | Found Ruxtegibad's Book Shoppe.
 47923 | Depths:1 | Bought a manual of Dodging for 1840 gold pieces
 48394 | Depths:1 | Identified the ring "Icvues" {rN+ rCorr MP+9}
 48495 | Depths:2 | Noticed a juggernaut
 48655 | Depths:1 | Killed a juggernaut
 48656 | Depths:1 | Reached skill level 27 in Fighting
 50017 | Depths:2 | Noticed a golden dragon
 50021 | Depths:2 | Found a one-way gate leading to the halls of Pandemonium.
 50024 | Depths:2 | Killed a golden dragon
 50147 | Depths:2 | Reached skill level 15 in Dodging
 50225 | Depths:2 | Found Zibri's Assorted Antiques.
 50348 | Depths:2 | Noticed a caustic shrike
 50357 | Depths:2 | Killed a caustic shrike
 50390 | Depths:2 | Noticed Boris
 50403 | Depths:2 | Killed Boris
 50939 | Depths:3 | Noticed a golden dragon
 51086 | Depths:3 | Killed a golden dragon
 51087 | Depths:3 | Reached XP level 24. HP: 249/249 MP: 21/34
 51312 | Depths:3 | Found a one-way gate to the infinite horrors of the Abyss.
 51458 | Depths:3 | Received a gift from Nemelex Xobeh
 51706 | Depths:3 | Found Uzxudogh's Firing Range.
 52017 | Depths:4 | Entered Level 4 of the Depths
 52017 | Depths:4 | Noticed a caustic shrike
 52017 | Depths:4 | Noticed a caustic shrike
 52018 | Depths:4 | Noticed a caustic shrike
 52035 | Depths:3 | Killed a caustic shrike
 52055 | Depths:3 | Killed a caustic shrike
 52540 | Depths:4 | Killed a caustic shrike
 52719 | Depths:4 | Received a gift from Nemelex Xobeh
 52982 | Depths:4 | Found a one-way gateway to a ziggurat.
 53187 | Depths:4 | Found a gate to the Realm of Zot.
 53614 | Hell     | Entered the Vestibule of Hell
 53668 | Hell     | Noticed Geryon
 54451 | Hell     | Killed Geryon
 54507 | Hell     | Found a gateway to the freezing wastes of Cocytus.
 54548 | Hell     | Received a gift from Nemelex Xobeh
 54608 | Hell     | Found a gateway to the ashen valley of Gehenna.
 54630 | Hell     | Reached XP level 25. HP: 190/257 MP: 0/34
 54726 | Hell     | Found a gateway to the Iron City of Dis.
 54830 | Hell     | Received a gift from Nemelex Xobeh
 54886 | Hell     | Found a gateway to the decaying netherworld of Tartarus.
 55329 | Slime:1  | Entered Level 1 of the Pits of Slime
 55336 | Slime:1  | Reached skill level 15 in Armour
 55644 | Slime:2  | Found a viscous altar of Jiyva.
 55690 | Slime:1  | Received a gift from Nemelex Xobeh
 55866 | Slime:2  | Received a gift from Nemelex Xobeh
 56419 | Slime:4  | Received a gift from Nemelex Xobeh
 57031 | Slime:2  | Received a gift from Nemelex Xobeh
 57962 | Slime:5  | Entered Level 5 of the Pits of Slime
 58137 | Slime:5  | Received a gift from Nemelex Xobeh
 58693 | Slime:5  | Received a gift from Nemelex Xobeh
 58700 | Slime:5  | Found the +8 arc blade {discharge, rElec}
 58700 | Slime:5  | Found the +10 morningstar "Eos" {elec, Halo rElec}
 58822 | Slime:5  | Noticed the Royal Jelly
 58834 | Slime:5  | Killed the Royal Jelly
 58988 | Slime:5  | Got a slimy rune of Zot
 59002 | Slime:5  | Identified the +2 helmet "Zuof" {Rampage rC+++ Int-5 Dex+3}
 59030 | Slime:5  | Identified the +9 great sword "Vucyuh Oxih" {speed, Str+6}
 59373 | Zot:1    | Entered Level 1 of the Realm of Zot
 60263 | Zot:1    | Received a gift from Nemelex Xobeh
 60427 | Zot:1    | Reached XP level 26. HP: 245/266 MP: 7/34
 60647 | Zot:1    | Received a gift from Nemelex Xobeh
 61036 | Zot:1    | Identified the +1 swamp dragon scales "Wustul" {rPois rN+
                  | Str-5 Slay+3}
 62125 | Zot:5    | Entered Level 5 of the Realm of Zot
 62543 | Zot:5    | Received a gift from Nemelex Xobeh
 63056 | Zot:5    | Noticed an orb of fire
 63071 | Zot:5    | Killed an orb of fire
 63197 | Zot:5    | Noticed an orb of fire
 63227 | Zot:5    | Killed an orb of fire
 63361 | Zot:5    | Noticed a dread lich
 63369 | Zot:5    | Killed a dread lich
 63408 | Zot:5    | Noticed a Killer Klown
 63419 | Zot:5    | Killed a Killer Klown
 63649 | Zot:5    | Noticed an orb of fire
 63667 | Zot:5    | Killed an orb of fire
 63939 | Zot:5    | Reached XP level 27. HP: 268/273 MP: 23/36
 64017 | Zot:5    | Noticed a dread lich
 64017 | Zot:5    | Noticed an orb of fire
 64038 | Zot:5    | Killed an orb of fire
 64048 | Zot:5    | Killed a dread lich
 64605 | Zot:5    | Noticed a dread lich
 64614 | Zot:5    | Killed a dread lich
 64614 | Zot:5    | Noticed an ancient lich
 64657 | Zot:5    | Killed an ancient lich
 65100 | Zot:5    | Noticed an orb of fire
 65112 | Zot:5    | Killed an orb of fire
 65330 | Zot:5    | Got the Orb of Zot
 65343 | Zot:5    | Noticed Qaroroi the pandemonium lord
 65671 | D:10     | You paid a toll of 5 scrolls of fog to enter a treasure
                  | trove
 65672 | Trove    | Entered a treasure trove
 65945 | D:$      | Escaped with the Orb!

Illustrated notes

Levels and vault maps discovered:
D:1:      dpeg_arrival_short_road, layout_loops_ring
D:2:      layout_loops_corners, basic_altar, nicolae_elevator_lobby_asterisk,
          uniq_jessica
D:3:      layout_rooms, serial_shops, nicolae_shop_tiny_real_fake_doors
D:4:      layout_loops_corners, fedhas_altar_2, kennysheep_mini, serial_shops,
          shop, uniq_ijyb, uniq_blork_the_orc
D:5:      layout_rooms, ebering_ghost_rock_garden, guppyfry_shop_venom
D:6:      layout_loops_ring, minmay_temple_entry_ruins,
          mainiacjoe_ossuary_entry_dusty_tomb
D:7:      layout_cave_pools
D:8:      layout_basic, nicolae_dithmenos_the_darkroom,
          chequers_temple_overflow_statue_of_worship, lightli_orcish_oven,
          uniq_maggie, uniq_maurice, uniq_amaemon
D:9:      layout_basic, nicolae_straight_to_the_point, uniq_psyche,
          uniq_prince_ribbit1
D:10:     layout_roguey, xom_teletrap_fun, lair_entry_dummy,
          nicolae_trove_entry_path_of_doom, special_room [special_room_orc]
D:11:     layout_small_grid, orc_0_dummy
D:12:     layout_stronghold, uniq_snorg
D:13:     layout_long_grid, serial_shops, shop_statue, shop
D:14:     layout_big_octagon, david_vaults_5, uniq_roxanne, uniq_frances,
          uniq_kirke
D:15:     hangedman_depths_entry_try_elsewhere_first, layout_cave_pods,
          amethyst_killhole
Temple:   compressed_dpeg_triangle_lava_temple
Lair:1:   layout_regular_city, serial_bayou_pond_d, lemuel_centaur_altar,
          grunt_megastairs_3
Lair:2:   layout_concentric_octagons, swamp_mist_pool, dummy_spider_entry,
          dreamdust_mushroom_princess, uniq_nergalle
Lair:3:   lemuel_reptile_caves, layout_gridlike, gauntlet_entry_generic,
          uniq_fannar, uniq_gastronok
Lair:4:   layout_cave_pods, slime_entry_1
Lair:5:   evilmike_catoblepas_cave, layout_hall_layers
Swamp:1:  layout_falls_marsh, nicolae_swamp_decorative_isthmus
Swamp:2:  layout_basic_swamp, hangedman_swamp_pad, swamp_pool_1_2,
          st_swamp_ruins_4
Swamp:3:  layout_falls_marsh, gammafunk_ghost_berserking_beasts,
          evilmike_swamp_ruin_house_2, infiniplex_staircase_pool
Swamp:4:  swamp_icy, layout_basic_swamp, hellmonk_ghost_happy_afterlife,
          uniq_aizul, uniq_bai_suzhen
Spider:1: layout_spider_delve, nicolae_spider_some_kinda_spiderbox
Spider:2: layout_cave_pods, hangedman_spider_mandibles
Spider:3: layout_cave_pods
Spider:4: grunt_spider_rune_circles
Slime:1:  layout_caves
Slime:2:  layout_caves, basic_altar, nicolae_slime_welcoming_committee
Slime:3:  layout_caves
Slime:4:  layout_caves
Slime:5:  slime_pit_nicolae_jellycorners
Orc:1:    layout_caves
Orc:2:    st_orc_congregation, layout_caves, serial_shops, shop,
          nicolae_orc_stalacmites, uniq_nessos
Elf:1:    nicolae_elf_arrival_no_cutting_in_line, layout_loops_corners,
          portal_desolation_entry_twin_temple, nicolae_elf_blasts_and_bolts,
          nicolae_wwwww, drop_trap, lemuel_upstairs_altar, uniq_jorgrun
Elf:2:    elven_hall_of_blades_hangedman_original
          [nicolae_blade_entry_crossed_weapons], layout_onion_city,
          serial_shops, shop
Elf:3:    minmay_elf_hall_hex, layout_loops_cross,
          infiniplex_enter_wizlab_water, nicolae_custom_books,
          serial_library_hellmonk_big_corner, hellmonk_elf_help
Vaults:1: ontoclasm_vaults_misaligned, v_alt_pattern_1, vaults_dpeg_spiral,
          nicolae_vaults_trapezoid_lopsided_3, v_misc_1,
          nicolae_vaults_c_with_doors, nicolae_vaults_little_squares_4,
          layout_vaults_omnigrid
Vaults:2: v_alt_pattern_3, nicolae_vaults_offset_grid_hallway_1,
          vaults_room_hallway, nicolae_vaults_apartment_1,
          hangedman_vaults_pinch, ontoclasm_vaults_fire_temple, v_pattern_4,
          nicolae_vaults_doubleplus_tesselated, nicolae_vaults_spaceships,
          nicolae_vaults_diamond_2, v_misc_27, nicolae_vaults_circle_grid_a,
          nicolae_vaults_border_crossing,
          serial_library_hellmonk_reading_circle, layout_vaults_omnibox,
          uniq_margery
Vaults:3: nicolae_vaults_ellipses_ellipsis, ontoclasm_vaults_loading_screen,
          v_rooms_5, nicolae_vaults_six-pack, nicolae_vaults_closet_pinwheel_6,
          nicolae_vaults_taking_the_gang_shopping, nicolae_vaults_tetromino_T_1,
          vaults_dpeg_emergency_exit, dpeg_vaults_monster_row,
          layout_vaults_chaotic_city, minmay_crypt_entry_simple_statues,
          serial_shops, nicolae_shop_tiny_glass
Vaults:4: v_rooms_1, nicolae_vaults_storage_closets_2, vaults_room_grid,
          nicolae_vaults_specimen_jars, nicolae_vaults_meiosis,
          nicolae_vaults_more_shelving_2, nicolae_vaults_diamond_1, v_misc_28,
          vaults_dpeg_encased_lava, nicolae_vaults_alarming,
          layout_vaults_omnicross, serial_shops, shop, uniq_jory
Vaults:5
Depths:1: layout_roguey, serial_shops, shop_statue, hell_entry,
          grunt_ministairs_1, minmay_st_funbox, horrible_house_mu,
          minmay_shop_grove, firewood_loft, uniq_sojobo, uniq_mara
Depths:2: minmay_four_inscribed_fans, layout_basic, serial_shops,
          nicolae_shop_dealshenge, hangedman_decor_diamond_cutter, hell_entry,
          pan_entry, uniq_boris
Depths:3: minmay_the_grid_octo_tiled_squarecenter_mashed
          [minmay_the_grid_octo_clover_2, minmay_the_grid_octo_odd_swirl,
          minmay_the_grid_octo_fan_narrow, minmay_the_grid_octo_empty,
          minmay_the_grid_square_5x5_megaprize_hollow,
          minmay_the_grid_square_5x5_tri_point,
          minmay_the_grid_square_5x5_n_small,
          minmay_the_grid_square_5x5_inner_z,
          minmay_the_grid_square_5x5_checkered_sparse], layout_gridville,
          hell_entry, minmay_strange_pillars, abyss_entry,
          nicolae_shop_firing_range, infiniplex_staircase_star
Depths:4: evilmike_zot_entry_round, layout_basic, enter_ziggurat_d, abyss_entry,
          pan_entry, nicolae_kite_square_tiling_tiny, hangedman_geh_valley,
          serial_bayou_shore_b
Hell
Zot:1:    regret_index_malice_mire, layout_basic,
          regret_index_zotdec_silver_v_v_orig_slice
Zot:2:    layout_gridlike, st_small_dragon_hoard_1,
          hangedman_zot_decor_unnerving_road, lemuel_lake_of_fire
Zot:3:    circus_mu, layout_onion_interference,
          regret_index_zotdec_gossamer_parallel, basic_altar, st_stairs_6
Zot:4:    layout_gridlike, grunt_megastairs_4
Zot:5:    layout_gridlike, st_stairs_2

Skill      XL: |  1  2  3  4  5  6  7  8  9 10 11 12 13 14 15 16 17 18 19 20 21 22 23 24 25 26 27 |
---------------+----------------------------------------------------------------------------------+-----
Fighting       | 1 2 7 10 13 17 20 23 26 27 | 27.0
Unarmed Combat | 1 3 4 5 7 9 11 13 14 18 20 21 24 26 27 | 27.0
Invocations    | 6 9 15 19 21 | 21.2
Shields        | 6 10 | 10.0
Armour         | 5 10 14 18 20 | 20.0
Dodging        | 4 10 16 18 | 18.0
Short Blades   | |  0.8
Stealth        | |  3.2
Spellcasting   | |  1.7
Hexes          | |  2.4

Action                     |  1- 3 |  4- 6 |  7- 9 | 10-12 | 13-15 | 16-18 | 19-21 | 22-24 | 25-27 || total
---------------------------+-------+-------+-------+-------+-------+-------+-------+-------+-------++-------
  Melee: Dagger            |    24 |       |       |       |       |       |       |       |       ||    24
         Unarmed           |   146 |   187 |   457 |   754 |  1679 |  1628 |  1655 |  2024 |  1669 || 10199
         Punch             |     4 |     6 |    21 |    23 |       |       |       |       |       ||    54
  Throw: Dart              |       |       |     1 |     5 |     4 |       |       |       |       ||    10
 Invoke: Draw Destruction  |       |       |       |     3 |       |       |       |       |       ||     3
         Draw Summoning    |       |       |       |       |     2 |     2 |       |       |     1 ||     5
         Stack Five        |       |       |       |       |       |     1 |       |       |       ||     1
         Draw Escape       |       |       |       |       |       |     1 |       |       |       ||     1
  Evoke: Wand              |       |       |    15 |    16 |     2 |     3 |       |     2 |     3 ||    41
         Lightning rod     |       |       |       |       |       |       |     4 |       |     2 ||     6
         Condenser vane    |       |       |       |       |       |       |     1 |       |       ||     1
         Phantom mirror    |       |       |       |       |       |       |       |       |     1 ||     1
    Use: Potion            |     1 |       |     4 |     1 |     4 |     1 |     3 |     4 |    16 ||    34
         Scroll            |     5 |     3 |     8 |    11 |    10 |     3 |    10 |    12 |    19 ||    81
   Stab: Sleeping          |     4 |       |       |       |       |       |       |       |       ||     4
         Invisible         |       |       |       |     1 |       |       |       |       |       ||     1
         Confused          |       |       |       |       |       |       |       |     1 |       ||     1
         Distracted        |       |       |       |       |       |       |       |       |     1 ||     1
 Armour: Robe              |    36 |       |       |       |       |       |       |       |       ||    36
         Scale mail        |    42 |   153 |    36 |       |       |       |       |       |       ||   231
         Plate armour      |       |       |   477 |   588 |  1151 |  1717 |   874 |       |       ||  4807
         Acid dragon scale |       |       |       |    15 |       |       |       |       |       ||    15
         Storm dragon scal |       |       |       |       |       |       |   161 |  1183 |   415 ||  1759
         Gold dragon scale |       |       |       |       |       |       |       |       |   866 ||   866
  Dodge: Dodged            |    82 |    63 |   123 |   206 |   443 |   724 |   497 |   874 |   738 ||  3750
  Block: Buckler           |       |       |       |   235 |   657 |   697 |   410 |       |       ||  1999
         Kite shield       |       |       |       |       |       |       |   101 |   857 |   845 ||  1803
